General information
			
			
        
        - name: BNet
 
        - type: Ladder team game (AT/RT)
 
        - host: Battle.net
 
        - saver: Gobiner
 
        
map: Highperch 
        - players: 6
 
        - length: 64:17
 
        - speed: Fast
 - version: 1.22 W3XP
 - replay type:  Public
 
» download(294 KB)
Players
        team 1 (winner) 
              
              
Gobiner (
red | 44 APM | 2817 actions | 64:17)
              
 7 Blademaster 
 3 Wind Walk
 3 Critical Strike
 1 Bladestorm
 
                » actions 
                
                | Assign group hotkey | 17 |  | 
| Basic commands | 83 |  | 
| Build / train | 112 |  | 
| ESC pressed | 3 |  | 
| Enter build submenu | 64 |  | 
| Enter hero's abilities submenu | 7 |  | 
| Give item / drop item | 13 |  | 
| Right click | 1066 |  | 
| Select / deselect | 429 |  | 
| Select group hotkey | 718 |  | 
| Use ability | 305 |  | 
                2817 total
 » units 
                
                | Peon | 20 |  | 
| Troll Batrider | 8 |  | 
| Wind Rider | 10 |  | 
| Dragonhawk Rider | 12 |  | 
                50 total
 » upgrades
                
                | Ranged Weapons | 3 |  | 
| Liquid Fire | 1 |  | 
| Envenomed Spears | 1 |  | 
| Reinforced Defenses | 1 |  | 
| Armor | 5 |  | 
| Spiked Barricades | 3 |  | 
| Priest Training | 2 |  | 
| Sorceress Training | 1 |  | 
| Pillage | 1 |  | 
| Backpack | 1 |  | 
| Cloud | 1 |  | 
| Animal War Training | 1 |  | 
| Masonry | 1 |  | 
| Lumber Harvesting | 1 |  | 
| Swords | 1 |  | 
                24 total
 » buildings
                
                | Altar of Storms | 1 |  | 
| Orc Burrow | 11 |  | 
| War Mill | 2 |  | 
| Watch Tower | 46 |  | 
| Voodoo Lounge | 2 |  | 
| Stronghold | 2 |  | 
| Fortress | 3 |  | 
| Beastiary | 4 |  | 
| Great Hall | 1 |  | 
| Guard Tower | 2 |  | 
| Blacksmith | 2 |  | 
| Barracks | 1 |  | 
| Gryphon Aviary | 1 |  | 
| Farm | 9 |  | 
                87 total
 » build order
                00:08 Altar of Storms
00:17 Orc Burrow
00:29 War Mill
01:41 Watch Tower
02:00 Orc Burrow
02:11 Watch Tower
02:56 Voodoo Lounge
03:38 Voodoo Lounge
04:23 Stronghold
04:51 Orc Burrow
04:53 Orc Burrow
05:22 Watch Tower
05:23 Watch Tower
05:24 Watch Tower
05:25 Watch Tower
05:28 Watch Tower
05:30 Watch Tower
05:31 Watch Tower
05:33 Watch Tower
06:44 Fortress
06:44 Fortress
06:44 Fortress
06:52 Beastiary
06:53 Beastiary
14:36 Great Hall
14:41 Watch Tower
14:42 Watch Tower
14:43 Watch Tower
14:44 Watch Tower
14:45 Watch Tower
15:53 Guard Tower
23:02 Watch Tower
23:02 Watch Tower
23:04 Watch Tower
23:04 Watch Tower
23:05 Watch Tower
23:06 Watch Tower
23:07 Watch Tower
23:07 Watch Tower
23:08 Watch Tower
23:09 Watch Tower
25:24 Blacksmith
25:26 Barracks
25:29 Gryphon Aviary
25:30 Blacksmith
25:40 Farm
25:40 Farm
25:41 Farm
25:44 Farm
25:48 Farm
25:52 Farm
29:17 Guard Tower
30:02 Farm
30:03 Farm
30:04 Farm
36:01 Watch Tower
36:46 Beastiary
37:10 War Mill
38:30 Watch Tower
38:34 Watch Tower
38:38 Watch Tower
38:39 Watch Tower
38:40 Watch Tower
38:42 Watch Tower
38:47 Watch Tower
39:38 Watch Tower
39:52 Watch Tower
39:53 Watch Tower
39:55 Watch Tower
39:57 Watch Tower
40:17 Watch Tower
40:19 Watch Tower
40:20 Watch Tower
42:08 Watch Tower
43:54 Watch Tower
44:34 Watch Tower
45:43 Watch Tower
49:11 Stronghold
52:18 Beastiary
54:45 Orc Burrow
54:46 Orc Burrow
55:50 Orc Burrow
55:50 Orc Burrow
55:53 Orc Burrow
55:58 Orc Burrow
56:05 Orc Burrow
» items
                
                | Lesser Clarity Potion | 6 |  | 
| Healing Salve | 4 |  | 
| Orb of Lightning | 2 |  | 
| Boots of Speed | 2 |  | 
| Staff of Teleportation | 2 |  | 
| Staff of Sanctuary | 1 |  | 
| Potion of Mana | 1 |  | 
| Scroll of Town Portal | 1 |  | 
                19 total
  
               
              
              
sir_tweak (
purple | 60 APM | 809 actions | 13:34)
              
 2 Archmage 
 1 Blizzard
 1 Brilliance Aura
 1 Blood Mage 
 1 Flame Strike
 
                » actions 
                
                | Assign group hotkey | 3 |  | 
| Basic commands | 11 |  | 
| Build / train | 56 |  | 
| Enter build submenu | 32 |  | 
| Enter hero's abilities submenu | 3 |  | 
| Give item / drop item | 1 |  | 
| Right click | 456 |  | 
| Select / deselect | 170 |  | 
| Select group hotkey | 16 |  | 
| Use ability | 61 |  | 
                809 total
 » units 
                
                | Peasant | 11 |  | 
| Sorceress | 1 |  | 
| Priest | 2 |  | 
                14 total
 » upgrades
                
                | Masonry | 2 |  | 
| Magic Sentry | 1 |  | 
| Sorceress Training | 1 |  | 
                4 total
 » buildings
                
                | Altar of Kings | 1 |  | 
| Lumber Mill | 1 |  | 
| Farm | 5 |  | 
| Scout Tower | 43 |  | 
| Arcane Tower | 3 |  | 
| Guard Tower | 25 |  | 
| Keep | 1 |  | 
| Arcane Sanctum | 1 |  | 
| Castle | 1 |  | 
| Arcane Vault | 1 |  | 
                82 total
 » build order
                00:08 Altar of Kings
00:12 Lumber Mill
00:40 Farm
00:51 Scout Tower
00:58 Farm
01:01 Scout Tower
02:02 Scout Tower
02:04 Scout Tower
02:07 Scout Tower
02:10 Scout Tower
02:20 Farm
02:22 Arcane Tower
02:31 Scout Tower
02:32 Scout Tower
02:35 Scout Tower
02:38 Scout Tower
02:39 Scout Tower
02:40 Scout Tower
02:42 Scout Tower
02:47 Guard Tower
02:48 Guard Tower
02:51 Scout Tower
02:54 Scout Tower
03:04 Guard Tower
03:09 Guard Tower
03:33 Guard Tower
03:36 Scout Tower
03:37 Guard Tower
03:50 Scout Tower
04:44 Guard Tower
04:45 Scout Tower
04:46 Scout Tower
04:46 Scout Tower
04:49 Scout Tower
04:49 Scout Tower
04:51 Guard Tower
04:53 Keep
05:04 Farm
05:07 Farm
05:27 Guard Tower
05:28 Guard Tower
05:31 Scout Tower
05:34 Scout Tower
05:39 Scout Tower
05:40 Scout Tower
05:42 Guard Tower
06:37 Arcane Tower
06:40 Arcane Tower
06:42 Guard Tower
06:44 Guard Tower
07:00 Scout Tower
07:01 Scout Tower
07:02 Scout Tower
07:03 Scout Tower
07:04 Scout Tower
07:05 Scout Tower
07:06 Scout Tower
07:06 Scout Tower
07:39 Guard Tower
07:47 Arcane Sanctum
07:53 Guard Tower
08:54 Guard Tower
09:07 Guard Tower
09:08 Guard Tower
09:23 Guard Tower
10:00 Guard Tower
11:06 Guard Tower
11:13 Scout Tower
11:14 Scout Tower
11:15 Scout Tower
11:16 Scout Tower
11:17 Scout Tower
11:21 Scout Tower
11:21 Scout Tower
11:22 Scout Tower
11:24 Scout Tower
11:41 Castle
12:00 Guard Tower
12:16 Arcane Vault
12:21 Guard Tower
12:23 Guard Tower
13:29 Guard Tower
» items
                
                | Boots of Speed | 1 |  | 
| Staff of Teleportation | 1 |  | 
| Orb of Lightning | 1 |  | 
                3 total
  
               
              
              
westonb (
teal | 34 APM | 2195 actions | 64:15)
              
 5 Archmage 
 3 Blizzard
 2 Brilliance Aura
 3 Blood Mage 
 1 Flame Strike
 2 Siphon Mana
 1 Goblin Tinker 
 1 Pocket Factory
 
                » actions 
                
                | Assign group hotkey | 7 |  | 
| Basic commands | 34 |  | 
| Build / train | 135 |  | 
| ESC pressed | 23 |  | 
| Enter build submenu | 92 |  | 
| Enter hero's abilities submenu | 9 |  | 
| Give item / drop item | 2 |  | 
| Right click | 926 |  | 
| Select / deselect | 655 |  | 
| Select group hotkey | 70 |  | 
| Use ability | 242 |  | 
                2195 total
 » units 
                
                | Peasant | 17 |  | 
| Priest | 1 |  | 
| Sorceress | 2 |  | 
| Dragonhawk Rider | 6 |  | 
                26 total
 » upgrades
                
                | Masonry | 3 |  | 
| Magic Sentry | 1 |  | 
| Sorceress Training | 1 |  | 
| Priest Training | 2 |  | 
| Lumber Harvesting | 2 |  | 
| Cloud | 1 |  | 
| Swords | 4 |  | 
| Armor | 4 |  | 
                18 total
 » buildings
                
                | Altar of Kings | 2 |  | 
| Farm | 5 |  | 
| Lumber Mill | 2 |  | 
| Scout Tower | 102 |  | 
| Arcane Tower | 6 |  | 
| Guard Tower | 50 |  | 
| Keep | 1 |  | 
| Town Hall | 2 |  | 
| Arcane Sanctum | 1 |  | 
| Arcane Vault | 1 |  | 
| Castle | 1 |  | 
| Blacksmith | 1 |  | 
| Gryphon Aviary | 2 |  | 
                176 total
 » build order
                00:07 Altar of Kings
00:15 Altar of Kings
00:19 Farm
01:05 Lumber Mill
01:36 Scout Tower
01:49 Farm
02:03 Scout Tower
02:05 Arcane Tower
02:33 Guard Tower
02:35 Scout Tower
02:59 Farm
03:05 Scout Tower
03:06 Guard Tower
03:10 Scout Tower
03:47 Guard Tower
03:50 Guard Tower
03:56 Scout Tower
04:02 Scout Tower
04:28 Guard Tower
04:29 Scout Tower
04:30 Guard Tower
04:32 Scout Tower
05:01 Scout Tower
05:04 Scout Tower
05:23 Guard Tower
05:24 Guard Tower
05:28 Scout Tower
05:33 Scout Tower
05:35 Guard Tower
05:37 Guard Tower
06:20 Guard Tower
06:23 Scout Tower
06:24 Guard Tower
06:26 Scout Tower
06:28 Keep
06:54 Guard Tower
07:04 Guard Tower
07:08 Scout Tower
07:13 Scout Tower
08:14 Guard Tower
08:15 Guard Tower
08:20 Scout Tower
08:23 Scout Tower
08:27 Scout Tower
09:02 Guard Tower
09:12 Town Hall
09:14 Guard Tower
09:17 Scout Tower
10:32 Scout Tower
10:35 Scout Tower
10:45 Guard Tower
10:46 Guard Tower
10:48 Scout Tower
11:01 Arcane Sanctum
11:04 Guard Tower
11:07 Arcane Tower
11:15 Arcane Vault
11:17 Guard Tower
11:22 Scout Tower
11:26 Scout Tower
11:27 Scout Tower
12:10 Castle
12:25 Guard Tower
12:27 Scout Tower
12:41 Guard Tower
13:32 Guard Tower
13:34 Scout Tower
14:08 Guard Tower
14:26 Town Hall
17:08 Scout Tower
17:58 Guard Tower
18:01 Scout Tower
18:06 Scout Tower
18:13 Scout Tower
18:16 Scout Tower
18:19 Scout Tower
18:23 Scout Tower
18:25 Scout Tower
18:35 Scout Tower
18:36 Guard Tower
18:38 Scout Tower
18:51 Guard Tower
18:53 Scout Tower
18:56 Scout Tower
18:58 Scout Tower
19:03 Scout Tower
19:04 Guard Tower
19:06 Scout Tower
19:07 Guard Tower
19:11 Scout Tower
19:27 Guard Tower
19:28 Scout Tower
19:48 Scout Tower
19:50 Guard Tower
20:31 Scout Tower
20:35 Scout Tower
20:37 Scout Tower
21:00 Blacksmith
21:12 Guard Tower
21:15 Scout Tower
21:20 Scout Tower
21:20 Scout Tower
21:43 Guard Tower
21:45 Scout Tower
21:47 Scout Tower
21:48 Scout Tower
21:50 Guard Tower
21:59 Gryphon Aviary
22:02 Gryphon Aviary
22:44 Guard Tower
22:47 Scout Tower
22:48 Scout Tower
23:22 Guard Tower
23:23 Guard Tower
23:25 Scout Tower
23:47 Guard Tower
24:01 Guard Tower
25:36 Farm
25:37 Farm
36:08 Scout Tower
36:10 Scout Tower
36:11 Scout Tower
36:14 Scout Tower
36:20 Scout Tower
36:21 Scout Tower
37:04 Scout Tower
37:07 Scout Tower
37:10 Scout Tower
37:15 Scout Tower
37:27 Lumber Mill
37:33 Scout Tower
37:47 Scout Tower
37:53 Scout Tower
37:54 Scout Tower
37:56 Scout Tower
37:58 Scout Tower
37:59 Scout Tower
38:04 Scout Tower
38:06 Scout Tower
38:08 Scout Tower
38:09 Scout Tower
38:10 Scout Tower
38:11 Scout Tower
38:14 Scout Tower
38:15 Scout Tower
38:21 Scout Tower
38:24 Scout Tower
38:29 Scout Tower
38:31 Scout Tower
38:33 Scout Tower
38:35 Scout Tower
38:38 Scout Tower
38:40 Scout Tower
38:48 Guard Tower
38:53 Scout Tower
38:54 Scout Tower
38:55 Scout Tower
38:56 Scout Tower
39:02 Scout Tower
39:09 Scout Tower
39:19 Guard Tower
39:41 Guard Tower
39:57 Guard Tower
40:17 Arcane Tower
40:21 Guard Tower
40:34 Guard Tower
40:45 Arcane Tower
40:50 Scout Tower
40:51 Scout Tower
41:00 Scout Tower
41:33 Arcane Tower
41:36 Scout Tower
42:05 Guard Tower
42:08 Arcane Tower
42:20 Guard Tower
42:46 Guard Tower
» items
                
                | Healing Salve | 2 |  | 
| Lesser Clarity Potion | 2 |  | 
| Staff of Teleportation | 3 |  | 
| Boots of Speed | 3 |  | 
| Potion of Healing | 1 |  | 
| Orb of Lightning | 2 |  | 
| Tiny Great Hall | 1 |  | 
| Mechanical Critter | 4 |  | 
| Staff of Sanctuary | 2 |  | 
| Scroll of Town Portal | 1 |  | 
                21 total
  
               team 2 (loser) 
              
              
Ashkahn (
yellow | 52 APM | 2203 actions | 42:37)
              
 4 Archmage 
 2 Summon Water Elemental
 1 Brilliance Aura
 1 Blizzard
 3 Mountain King 
 2 Storm Bolt
 1 Bash
 
                » actions 
                
                | Assign group hotkey | 26 |  | 
| Basic commands | 30 |  | 
| Build / train | 102 |  | 
| Enter build submenu | 51 |  | 
| Enter hero's abilities submenu | 8 |  | 
| Give item / drop item | 2 |  | 
| Right click | 600 |  | 
| Select / deselect | 648 |  | 
| Select group hotkey | 567 |  | 
| Use ability | 168 |  | 
                2203 total
 » units 
                
                | Peasant | 22 |  | 
| Footman | 7 |  | 
| Priest | 7 |  | 
| Mortar Team | 11 |  | 
| Siege Engine | 6 |  | 
                53 total
 » upgrades
                
                | Defend | 2 |  | 
| Flare | 1 |  | 
| Masonry | 3 |  | 
| Priest Training | 2 |  | 
| Gunpowder | 3 |  | 
| Armor | 2 |  | 
| Fragmentation Shards | 1 |  | 
| Barrage | 1 |  | 
| Plating | 3 |  | 
                18 total
 » buildings
                
                | Altar of Kings | 1 |  | 
| Farm | 14 |  | 
| Barracks | 1 |  | 
| Scout Tower | 15 |  | 
| Lumber Mill | 1 |  | 
| Arcane Tower | 2 |  | 
| Arcane Vault | 1 |  | 
| Keep | 2 |  | 
| Blacksmith | 1 |  | 
| Town Hall | 3 |  | 
| Workshop | 3 |  | 
| Arcane Sanctum | 2 |  | 
| Cannon Tower | 1 |  | 
| Guard Tower | 7 |  | 
| Castle | 2 |  | 
                56 total
 » build order
                00:21 Altar of Kings
00:40 Farm
00:54 Barracks
01:15 Farm
01:16 Farm
01:45 Scout Tower
01:52 Lumber Mill
02:14 Arcane Tower
02:22 Farm
02:37 Farm
03:33 Farm
04:10 Arcane Vault
04:18 Keep
05:08 Blacksmith
06:39 Town Hall
08:06 Workshop
08:10 Arcane Sanctum
09:23 Farm
09:32 Farm
10:55 Farm
10:56 Farm
11:00 Scout Tower
11:05 Scout Tower
11:08 Scout Tower
11:10 Scout Tower
11:36 Cannon Tower
11:47 Scout Tower
11:51 Scout Tower
11:55 Scout Tower
12:23 Arcane Tower
12:33 Guard Tower
12:37 Guard Tower
12:46 Scout Tower
12:50 Scout Tower
12:56 Scout Tower
13:54 Guard Tower
14:12 Guard Tower
14:16 Guard Tower
16:56 Castle
19:50 Town Hall
20:00 Farm
20:03 Farm
20:16 Keep
20:41 Farm
20:43 Farm
21:30 Town Hall
21:41 Scout Tower
21:43 Scout Tower
22:18 Guard Tower
22:21 Scout Tower
22:25 Scout Tower
22:55 Guard Tower
22:57 Castle
23:01 Arcane Sanctum
24:11 Workshop
25:47 Workshop
» items
                
                | Periapt of Vitality | 1 |  | 
| Potion of Healing | 5 |  | 
| Orb of Fire | 1 |  | 
| Staff of Sanctuary | 1 |  | 
                8 total
  
               
              
              
KingBeast (
pink | 31 APM | 1971 actions | 64:15)
              
 3 Blademaster 
 2 Wind Walk
 1 Critical Strike
 2 Pit Lord 
 1 Rain of Fire
 1 Cleaving Attack
 
                » actions 
                
                | Basic commands | 33 |  | 
| Build / train | 75 |  | 
| Enter build submenu | 15 |  | 
| Enter hero's abilities submenu | 6 |  | 
| Give item / drop item | 3 |  | 
| Remove unit from queue | 1 |  | 
| Right click | 1185 |  | 
| Select / deselect | 580 |  | 
| Use ability | 72 |  | 
                1971 total
 » units 
                
                | Peon | 8 |  | 
| Grunt | 6 |  | 
| Demolisher | 11 |  | 
| Shaman | 7 |  | 
| Tauren | 3 |  | 
| Troll Witch Doctor | 1 |  | 
| Glaive Thrower | 2 |  | 
| Chimaera | 3 |  | 
                41 total
 » upgrades
                
                | Melee Weapons | 3 |  | 
| Pillage | 1 |  | 
| Armor | 3 |  | 
| Spiked Barricades | 2 |  | 
| Berserker Strength | 1 |  | 
| Shaman Training | 2 |  | 
| Burning Oil | 1 |  | 
| Pulverize | 1 |  | 
| Witch Doctor Training | 2 |  | 
| Reinforced Defenses | 1 |  | 
| Vorpal Blades | 1 |  | 
| Corrosive Breath | 1 |  | 
                19 total
 » buildings
                
                | Altar of Storms | 1 |  | 
| Orc Burrow | 9 |  | 
| Barracks | 1 |  | 
| Voodoo Lounge | 1 |  | 
| War Mill | 1 |  | 
| Stronghold | 1 |  | 
| Spirit Lodge | 1 |  | 
| Fortress | 1 |  | 
| Tauren Totem | 2 |  | 
                18 total
 » build order
                00:26 Altar of Storms
00:39 Orc Burrow
00:55 Barracks
01:49 Orc Burrow
01:58 Voodoo Lounge
02:13 War Mill
04:45 Stronghold
04:49 Orc Burrow
04:54 Orc Burrow
07:08 Orc Burrow
07:11 Spirit Lodge
07:15 Fortress
09:03 Orc Burrow
10:50 Tauren Totem
10:52 Tauren Totem
12:33 Orc Burrow
14:18 Orc Burrow
19:06 Orc Burrow
» items
                
                | Healing Salve | 1 |  | 
| Lesser Clarity Potion | 1 |  | 
| Orb of Lightning | 1 |  | 
| Potion of Lesser Invulnerability | 1 |  | 
| Dust of Appearance | 1 |  | 
                5 total
  
               
              
              
unicola (
green | 112 APM | 6886 actions | 61:21)
              
 5 Dark Ranger 
 2 Black Arrow
 3 Silence
 3 Pandaren Brewmaster 
 2 Breath of Fire
 1 Drunken Haze
 1 Keeper of the Grove 
 1 Entangling Roots
 
                » actions 
                
                | Assign group hotkey | 51 |  | 
| Build / train | 102 |  | 
| ESC pressed | 2 |  | 
| Enter build submenu | 28 |  | 
| Enter hero's abilities submenu | 9 |  | 
| Give item / drop item | 2 |  | 
| Right click | 2762 |  | 
| Select / deselect | 800 |  | 
| Select group hotkey | 2967 |  | 
| Use ability | 162 |  | 
                6886 total
 » units 
                
                | Wisp | 37 |  | 
| Archer | 5 |  | 
| Druid of the Claw | 2 |  | 
| Druid of the Talon | 17 |  | 
| Hippogryph | 1 |  | 
                62 total
 » upgrades
                
                | Druid of the Claw Training | 2 |  | 
| Nature's Blessing | 1 |  | 
| Druid of the Talon Training | 2 |  | 
| Mark of the Talon | 1 |  | 
| Mark of the Claw | 1 |  | 
                7 total
 » buildings
                
                | Ancient of War | 1 |  | 
| Moon Well | 6 |  | 
| Altar of Elders | 1 |  | 
| Tree of Ages | 1 |  | 
| Hunter's Hall | 1 |  | 
| Ancient of Wonders | 1 |  | 
| Ancient of Lore | 2 |  | 
| Tree of Eternity | 3 |  | 
| Ancient of Wind | 2 |  | 
| Tree of Life | 2 |  | 
| Ancient Protector | 9 |  | 
| Chimaera Roost | 1 |  | 
                30 total
 » build order
                00:18 Ancient of War
00:33 Moon Well
00:42 Moon Well
01:18 Altar of Elders
02:48 Tree of Ages
03:50 Moon Well
04:06 Hunter's Hall
04:31 Ancient of Wonders
05:35 Ancient of Lore
05:59 Ancient of Lore
06:57 Tree of Eternity
06:57 Tree of Eternity
07:18 Moon Well
08:01 Ancient of Wind
09:02 Tree of Life
09:09 Ancient Protector
09:12 Ancient Protector
09:19 Ancient Protector
11:03 Ancient Protector
13:32 Ancient of Wind
14:05 Moon Well
14:08 Ancient Protector
15:03 Ancient Protector
16:48 Moon Well
19:45 Chimaera Roost
19:56 Ancient Protector
20:04 Ancient Protector
38:17 Tree of Life
39:51 Ancient Protector
» items
                
                | Boots of Speed | 1 |  | 
| Dust of Appearance | 4 |  | 
| Potion of Healing | 2 |  | 
| Staff of Preservation | 2 |  | 
| Orb of Venom | 3 |  | 
                12 total
  
                Chat log
          
(09:16 / Allies) sir_tweak: lum?
(12:41 / Allies) sir_tweak: comin
(26:40 / All) KingBeast: u guyz cant get through units and we cant through towers wat now?
(28:29 / All) unicola: why u guys so nasty 
(28:33 / All) unicola: u fucking fa.g 
(28:37 / All) Gobiner: thanks
(28:40 / All) unicola: hi , u 
(28:45 / All) KingBeast: u think ur gonna win like this lol?
(28:47 / All) unicola: fag
(28:54 / All) unicola: cuz u shit 
(29:05 / All) unicola: u cant . 
(29:11 / All) unicola: for 3s u cant rush for shit 
(29:55 / Allies) westonb: type please
(29:58 / Allies) Gobiner: critters
(29:59 / Allies) Gobiner: ground
(30:03 / Allies) westonb: ok
(32:30 / All) Ashkahn: fsgs
(33:55 / All) KingBeast: no units?
(36:25 / All) Ashkahn: ps suck my balls faggots
(36:37 / All) Gobiner: just quit
(36:44 / All) KingBeast: rofl u kidding?
(36:45 / All) Ashkahn: haha
(36:48 / All) Ashkahn: fuckin noobs
(36:50 / All) unicola: see who is speaking 
(36:57 / All) unicola: who is goonabe defeated
(41:04 / All) Gobiner: thanks
(41:07 / All) Gobiner: suicide all your shit
(41:25 / All) KingBeast: np
(42:40 / All) Gobiner: 2ez
(42:40 / All) Gobiner: nubs
(42:43 / All) westonb: why'd he leave?
(44:54 / All) westonb: are you going to defeat our last towers at expo?
(45:33 / All) Gobiner: killer cyclone
(47:45 / All) Gobiner: gg we lose bye
(48:40 / All) Gobiner: how come we haven't lost yet
(49:39 / All) Gobiner: hello noobs
(49:41 / All) Gobiner: welcome to highperch
(49:46 / All) Gobiner: good luck and have fun
(49:50 / All) Gobiner: manner please
(49:59 / All) unicola:  uwanna solo with me ?
(50:03 / All) Gobiner: go for it
(50:04 / All) unicola: manner hoho 
(50:10 / All) unicola: after this 
(50:20 / All) unicola:  uhad better not run fucing away
(50:21 / All) Gobiner: why play noobs twice
(50:25 / All) Gobiner: I just win once
(50:27 / All) Gobiner: prove dominance
(50:36 / All) unicola: u havenot 
(50:42 / All) unicola:  win . prove it 
(50:42 / All) Gobiner: you guys quit 20 minutes ago
(50:44 / All) Gobiner: know you can't win
(50:52 / All) Gobiner: can't beat a couple of tower noobs LOL
(50:53 / All) unicola: cuz he cant stnat u fag 
(51:01 / All) unicola: solo with me 
(51:06 / All) unicola: prove it u can win 
(51:08 / All) Gobiner: you're damn right he can't stnat
(51:15 / All) Gobiner: this game proves I can win
(51:18 / All) unicola: but i can haha
(51:19 / All) Gobiner: sorrry gook
(51:22 / All) unicola: no  u cant 
(51:28 / All) unicola: solo with me 
(51:30 / All) Gobiner: where u from dawgs
(51:32 / All) unicola: prove it 
(51:38 / All) unicola: u fucking guess
(51:54 / All) Gobiner: hello gook ? we win this game why do I need to play you again
(52:03 / All) unicola: gook . haha  ufunny 
(52:05 / All) unicola: u gook
(52:12 / All) unicola: shit cunt 
(53:03 / All) Gobiner: you seem to be an angry gook how would a second loss help that
(53:45 / All) unicola:  u cant win even one  2nd im not gook .  have ur relatives are gook?
(53:50 / All) unicola: solo with me 
(53:54 / All) unicola: prove it 
(54:00 / All) westonb: have ur relatives are gooks?
(54:00 / All) unicola:  if  u solo with me 
(54:05 / All) westonb: are you a beaner?
(54:06 / All) unicola: i give u a free win 
(54:07 / All) Gobiner: if I can't win this how come you're sitting in your base doing nothing
(54:16 / All) Gobiner: you're giving me a free win right now
(54:24 / All) Gobiner: thanks
(54:25 / All) unicola: take it 
(54:27 / All) unicola: gook 
(54:28 / All) Gobiner: thanks for the free win
(54:30 / All) unicola: nerds
(54:34 / All) unicola: take it 
(54:38 / All) unicola: jsut take it 
(54:40 / All) westonb: will do
(54:43 / All) westonb: slowly
(54:46 / All) unicola: cant wait 
(54:48 / All) westonb: must enjoy every little bit
(54:55 / All) westonb: if you can't wait, then quit
(55:03 / All) unicola: hoho . ill not 
(55:14 / All) westonb: hohoho? santa claus?
(55:18 / All) Gobiner: jesus you're even awful at tree hiding
(55:22 / All) Gobiner: awful at everything
(55:26 / All) westonb: you are giving us this christmas gift of a free win
(55:27 / All) unicola: im not hiding 
(55:28 / All) westonb: thank you santa
(55:32 / All) unicola: no more bull shit 
(55:35 / All) unicola: solo with me 
(55:37 / All) unicola: fags
(55:40 / All) unicola: one by one 
(55:42 / All) Gobiner: quit then if you want to solo so much
(55:43 / All) unicola: ill rape u 
(55:46 / All) westonb: sorry but you have to lose this game first
(57:14 / All) westonb: so you seem to be hiding
(57:17 / All) westonb: not attacking our base
(58:36 / All) Gobiner: greed of the noob, suicide all units on towers
(58:37 / All) Gobiner: good work
(61:26 / All) westonb: free win
(63:21 / All) KingBeast: we have been afl for like ever lol
(63:25 / All) Gobiner: yes
(63:28 / All) Gobiner: since the start of the game
(63:58 / All) KingBeast: how u have that air with no mine?
(64:06 / All) Gobiner: by not being a dumb nub